 Dungeon Crawl Stone Soup version 0.20-a0-1016-g241539b (webtiles) character file.

119 Rrauwl the Vexing (level 5, -10/52 HPs)
             Began as an Ogre Arcane Marksman on Apr 16, 2017.
             Mangled by Crazy Yiuf
             ... wielding a +2 quarterstaff of chaos
              (12 damage)
             ... on level 3 of the Dungeon.
             The game lasted 00:10:06 (3290 turns).

Rrauwl the Vexing (Ogre Arcane Marksman)            Turns: 3290, Time: 00:10:08

Health: -10/52     AC:  3    Str: 14    XL:     5   Next: 3%
Magic:  3/8        EV: 10    Int: 14    God:
Gold:   230        SH:  0    Dex: 10    Spells: 4/8 levels left

rFire    . . .     SeeInvis .   r - +0 lajatang (vamp)
rCold    . . .     Gourm    .   (shield currently unavailable)
rNeg     . . .     Faith    .   a - +0 robe
rPois    .         Spirit   .   (helmet restricted)
rElec    .         Reflect  .   (no cloak)
rCorr    .         Harm     .   (gloves unavailable)
MR       .....                  (boots unavailable)
Stlth    +.........             (no amulet)
Regen    0.2/turn               n - ring of wizardry
MPRegen  0.2/turn               (no ring)

@: exhausted, slowed, very slow
A: unfitting armour, tough skin 1
a: no special abilities


You were on level 3 of the Dungeon.
You were not hungry.

You visited 1 branch of the dungeon, and saw 3 of its levels.

You collected 230 gold pieces.

Inventory:

Hand Weapons
 e - a +0 whip
 r - a +0 vampiric lajatang (weapon)
Missiles
 d - 2 throwing nets (quivered)
Armour
 a - a +0 robe (worn)
Jewellery
 n - a ring of wizardry (left hand)
Scrolls
 h - 2 scrolls of enchant weapon {unknown}
 i - 2 scrolls of amnesia
 j - a scroll of recharging {unknown}
 k - 2 scrolls of noise {unknown}
 l - a scroll of immolation {unknown}
 m - 2 scrolls of identify
 o - a scroll of random uselessness {unknown}
 p - a scroll of teleportation {unknown}
Potions
 q - 2 potions of might {unknown}
 t - 2 potions of curing {unknown}
 v - 2 potions of mutation {unknown}
Books
 b - a book of Debilitation

   Spells                             Type                      Level
   a - Corona                         Hexes                        1
   b - Slow                           Hexes                        2
   c - Inner Flame                    Hexes/Fire                   3
   d - Portal Projectile              Hexes/Translocation          3
   e - Cause Fear                     Hexes                        4
   f - Leda's Liquefaction            Hexes/Earth                  4
 u - a book of Misfortune

   Spells                             Type                      Level
   a - Confusing Touch                Hexes                        1
   b - Confuse                        Hexes                        3
   c - Gell's Gravitas                Translocation                3
   d - Petrify                        Transmutation/Earth          4
   e - Metabolic Englaciation         Hexes/Ice                    5
   f - Yara's Violent Unravelling     Hexes/Transmutation          5
Comestibles
 g - 4 chunks of flesh
 s - 2 meat rations


   Skills:
 + Level 2.8 Fighting
 + Level 2.1 Maces & Flails
 - Level 3.0 Throwing
 - Level 2.0 Dodging
 - Level 2.0 Spellcasting
 - Level 3.0 Hexes


You had 4 spell levels left.
You knew the following spells:

 Your Spells              Type           Power        Failure   Level  Hunger
a - Corona                Hex            #......      4%          1    ##.....
b - Confuse               Hex            #.......     9%          3    ####...


Dungeon Overview and Level Annotations

Branches:
Dungeon (3/15)

Altars:
Ashenzari
Fedhas
Ru

Annotations:
D:3 Crazy Yiuf


Innate Abilities, Weirdness & Mutations

You are too large for most types of armour.
You have tough skin. (AC +1)


Message History

You throw a large rock. The large rock hits Crazy Yiuf.
Crazy Yiuf is almost dead.
Crazy Yiuf hits you with a quarterstaff of chaos!
* * * LOW HITPOINT WARNING * * *
Crazy Yiuf freezes you.
* * * LOW HITPOINT WARNING * * *
Crazy Yiuf barely misses you. x2
Throwing (i - inventory. (,) - cycle):
c - a large rock (quivered)
Press: ? - help, Shift-Dir - straight line, f/p - Crazy Yiuf
Aim: Crazy Yiuf, wielding a quarterstaff of chaos and wearing a cloak (almost dead)
You throw a large rock.
The large rock barely misses Crazy Yiuf.
Crazy Yiuf hits you but does no damage.
Crazy Yiuf hits you with a quarterstaff of chaos.
* * * LOW HITPOINT WARNING * * *
You feel as though you will be slow longer.
You hit Crazy Yiuf but do no damage.
Crazy Yiuf is almost dead.
Crazy Yiuf hits you with a quarterstaff of chaos!
You die...

.........................#...#
.......<.............>.###...#
........#....................#
........##.###########...#...#
.....#..#### #...#####
##......## ##### #...#
#.#.#...## #.()# #...#
#.#......## #.g.# #...#
##.###.....# #.@.# #...#
##.......#.# ##'## #...#
######.##### ♣♣.♣ #...# # #.#
♣.♣♣ ##### # ###.## ♣♣.♣ #
#....# ♣.♣♣ ## #....# ♣♣.♣♣ .#
#....# ♣.P.♣♣ .# #....# ♣PP.P♣


You could see Crazy Yiuf.

Vanquished Creatures
  3 adders
  2 worms
  2 dart slugs
  3 leopard geckos
  11 orcs (D:3)
  3 giant cockroaches
  9 goblins
  6 hobgoblins
  3 jackals (D:1)
  A quokka (D:2)
  9 bats
  5 frilled lizards
  7 kobolds
  5 rats
  A fungus (D:3)
70 creatures vanquished.

Notes
Turn   | Place    | Note
-------+----------+-------------------------------------------
     0 | D:1      | Rrauwl the Ogre Arcane Marksman began the quest for the Orb.
     0 | D:1      | Reached XP level 1. HP: 19/19 MP: 2/2
   630 | D:1      | Reached XP level 2. HP: 25/27 MP: 4/4
  1283 | D:1      | Reached XP level 3. HP: 28/33 MP: 5/5
  1770 | D:2      | Reached skill level 1 in Maces & Flails
  1910 | D:2      | Found a sacrificial altar of Ru.
  2169 | D:2      | Reached XP level 4. HP: 42/42 MP: 6/6
  2185 | D:2      | Found a blossoming altar of Fedhas.
  2897 | D:3      | Learned a level 3 spell: Confuse
  2977 | D:3      | Found a shattered altar of Ashenzari.
  3112 | D:3      | Reached XP level 5. HP: 50/50 MP: 8/8
  3278 | D:3      | Found a runed door.
  3283 | D:3      | Noticed Crazy Yiuf
  3289 | D:3      | HP: 2/52 [Crazy Yiuf/quarterstaff of chaos (4)]
  3290 | D:3      | Mangled by Crazy Yiuf

Vault maps used:
D:1:      zaba_arrival_water, chequers_big_river
D:2:      lemuel_doored_altar, lemuel_coloured_pillars_altar
D:3:      evilmike_ruin_ashenzari, uniq_crazy_yiuf_cottage

Skill      XL: |  1  2  3  4 |
---------------+-------------+-----
Hexes          | 3 |  3.0
Dodging        | 2 |  2.0
Maces & Flails | 1 2 |  2.1
Spellcasting   | 2 |  2.0
Fighting       | 2 |  2.8
Throwing       | 3 |  3.0

Action                   |  1- 3 |  4- 6 || total
-------------------------+-------+-------++-------
Melee: Whip              |   171 |       ||   171
       Unarmed           |    13 |       ||    13
       Lajatang          |    29 |   108 ||   137
Throw: Large rock        |       |     8 ||     8
  Use: Potion            |     1 |     1 ||     2
       Scroll            |     1 |       ||     1
 Stab: Sleeping          |     2 |     1 ||     3
  Eat: Chunk             |     4 |     4 ||     8
       Bread ration      |     1 |       ||     1
Armor: Robe              |    70 |    60 ||   130
Dodge: Dodged            |   147 |    74 ||   221
